 Dungeon Crawl Stone Soup version 0.30-a0-1082-g70414cbcbb (webtiles) character file.

Game seed: 6838871288696645895

2682 Arzdou the Frost Mage (level 9, -5/64 HPs)
             Began as a Green Draconian Ice Elementalist on Apr 15, 2023.
             Was a Follower of Sif Muna.
             Slain by a boulder beetle (16 damage)
             ... on level 11 of the Dungeon.
             The game lasted 00:24:50 (9377 turns).

Arzdou the Frost Mage (DrIE)                        Turns: 9377, Time: 00:24:51

Health: -5/64      AC:  7    Str: 10    XL:     9   Next: 37%
Magic:  20/20      EV: 12    Int: 21    God:    Sif Muna [*.....]
Gold:   492        SH:  0    Dex: 11    Spells: 8/23 levels left

rFire   . . .      SeeInvis .    e - +1 whip (elec)
rCold   . . .      Faith    .    (no shield)
rNeg    . . .      Spirit   .    (body armour unavailable)
rPois   +          Reflect  .    (helmet restricted)
rElec   .          Rampage  .    (no cloak)
rCorr   .                        (no gloves)
Will    .....                    (no boots)
Stlth   ++                       (no amulet)
HPRegen 0.30/turn                (no ring)
MPRegen 0.17/turn                (no ring)

@: no status effects
A: breathe noxious fumes, AC +7, unfitting armour, poison resistance,
cold-blooded
a: Breathe Noxious Fumes, Renounce Religion, Channel Magic


You were on level 11 of the Dungeon.
You worshipped Sif Muna.
Sif Muna was aware of your devotion.
You visited 2 branches of the dungeon, and saw 12 of its levels.
You also visited: Sewer.

You collected 492 gold pieces.

Inventory:

Hand Weapons
 e - a +1 whip of electrocution (weapon)
Missiles
 y - a throwing net
Jewellery
 c - a +4 ring of protection
 s - a ring of ice
Wands
 a - a wand of flame (7)
 m - a wand of acid (9)
 v - a wand of paralysis (6)
Scrolls
 b - a scroll of identify
 f - 2 scrolls of brand weapon
 g - 2 scrolls of noise
 p - a scroll of blinking
 q - a scroll of enchant armour
 r - a scroll of enchant weapon
Potions
 d - 3 potions of heal wounds
 i - 4 potions of curing
 j - 3 potions of brilliance
 k - a potion of haste
 l - a potion of might
 n - 2 potions of magic
 o - 2 potions of invisibility
 u - a potion of degeneration
 x - a potion of flight


   Skills:
 + Level 1.1 Fighting
 + Level 0.8 Maces & Flails
 + Level 2.9 Dodging
 + Level 2.4 Stealth
 + Level 0.3 Unarmed Combat
 * Level 7.7 Spellcasting
 + Level 0.1 Conjurations
 * Level 3.4 Summonings
 * Level 9.4 Ice Magic


You had 8 spell levels left.
You knew the following spells:

 Your Spells              Type           Power      Damage    Failure   Level
a - Freeze                Ice            100%       1d10      1%          1
b - Frozen Ramparts       Ice            94%        1d15      1%          3
c - Ozocubu's Armour      Ice            47%        N/A       1%          3
d - Summon Ice Beast      Ice/Summ       35%        N/A       6%          4
e - Shock                 Conj/Air       32%        1d5       8%          1
f - Swiftness             Air            8%         N/A       24%         3

Your spell library contained the following spells:

 Spells                   Type           Power      Damage    Failure   Level
 Slow                     Hex            32%        N/A       9%          1
 Confusing Touch          Hex            8%         N/A       24%         3
 Vampiric Draining        Necr           8%         2d6       24%         3
 Metabolic Englaciation   Hex/Ice        13%        N/A       32%         5
 Airstrike                Air            4%         2d(1-17)  63%         4
 Simulacrum               Ice/Necr       13%        N/A       88%         6


Dungeon Overview and Level Annotations

Branches:
Dungeon (12/15)            Temple (1/1) D:5           Sewer (visited)
   Lair: D:8-11         Orc: D:9-12

Altars:
Ashenzari
Cheibriados
Elyvilon
Fedhas
Gozag
Hepliaklqana
Makhleb
Nemelex Xobeh
Okawaru
Ru
Sif Muna
Trog
Vehumet
Wu Jian
Xom
Yredelemnul
Zin

Shops:
D:4 ?   D:7 :

Annotations:
D:2 Grinder
D:3 1 runed translucent door, Crazy Yiuf
D:10 3 runed translucent doors


Innate Abilities, Weirdness & Mutations

You can breathe blasts of noxious fumes.
Your lurid green scales are hard. (AC +7)
You cannot fit into any form of body armour.
Your system is resistant to poisons. (rPois)
You are cold-blooded and may be slowed by cold attacks.


Message History

The vampire mosquito draws strength from your injuries!
The vampire mosquito barely misses you.
There is an open door here.
The vampire mosquito attacks as you move away!
The vampire mosquito bites you.
The vampire mosquito draws strength from your injuries!
The vampire mosquito barely misses you.
The vampire mosquito attacks as you move away!
The vampire mosquito closely misses you.
The vampire mosquito bites you but does no damage.
The vampire mosquito attacks as you move away!
The vampire mosquito misses you.
The vampire mosquito bites you but does no damage.
The vampire mosquito barely misses you.
The boulder beetle leaps!
The vampire mosquito barely misses you.
The vampire mosquito closely misses you.
The vampire mosquito barely misses you. The vampire mosquito bites you.
The vampire mosquito draws strength from your injuries!
The boulder beetle curls into a ball and begins rolling!
The vampire mosquito attacks as you move away!
The vampire mosquito barely misses you. x3
There is a stone staircase leading up here.
The vampire mosquito bites you but does no damage. x2
The vampire mosquito bites you.
The vampire mosquito draws strength from your injuries!
The vampire mosquito completely misses you.
You climb upwards.
Level annotation: 3 runed translucent doors The two-headed ogre barely misses you.
The two-headed ogre misses you.
There is a stone staircase leading down here.
The vampire mosquito closely misses you. x2
The vampire mosquito bites you but does no damage.
The two-headed ogre hits you with a +0 giant club!
The two-headed ogre barely misses you.
The vampire mosquito closely misses you.
You climb downwards.
The boulder beetle hits you!
* * * LOW HITPOINT WARNING * * *
The boulder beetle stops rolling and uncurls.
The boulder beetle bites you!
You die...

#)# #.# #.# #.# #.# #.#
#.# #.## #.# #..# #.# ##.#
#.# #########'## #####'##
#####..........# .......#
##...'.@O.......#
.......###..###yBy.......#
.......'...## #..........#
.......##### #..........#
.......# #..........#
######## #.......[..#
############


You could see a boulder beetle, a two-headed ogre and 2 vampire mosquitoes.

Vanquished Creatures
  Prince Ribbit (D:7)
  A wyvern (D:8)
  3 black bears
  Pargi (D:4)
  A sky beast (D:7)
  2 ogres (D:6)
  2 kobold brigands (D:6)
  2 phantoms (D:7)
  5 bullfrogs
  3 scorpions
  2 howler monkeys (D:8)
  3 hounds
  A gnoll bouda (D:7)
  2 iguanas
  A sleepcap (D:7)
  2 orc wizards
  Ijyb (D:3)
  9 adders
  8 gnolls
  7 river rats (Sewer)
  3 worms
  4 dart slugs
  7 orcs
  3 bats
  9 endoplasms
  5 giant cockroaches
  4 goblins
  2 hobgoblins
  2 jackals (D:3)
  3 quokkas
  15 ball pythons
  8 frilled lizards
  30 kobolds
  25 rats
177 creatures vanquished.

Vanquished Creatures (collateral kills)
  A steam dragon (D:6)
  An ice beast (D:6)
  2 gnolls (D:6)
4 creatures vanquished.

Vanquished Creatures (others)
  48 plants
48 creatures vanquished.

Grand Total: 229 creatures vanquished

Notes
Turn   | Place    | Note
-------+----------+-------------------------------------------
     0 | D:1      | Arzdou the Draconian Ice Elementalist began the quest for
                  | the Orb.
     0 | D:1      | Reached XP level 1. HP: 14/14 MP: 3/3
   321 | D:1      | Found a faded altar of an unknown god.
   672 | D:1      | Reached XP level 2. HP: 18/20 MP: 0/5
  1196 | D:2      | Reached XP level 3. HP: 26/26 MP: 2/6
  1203 | D:2      | Learned a level 3 spell: Frozen Ramparts
  1437 | D:2      | Found a basalt altar of Yredelemnul.
  2033 | D:3      | Reached XP level 4. HP: 31/33 MP: 4/8
  2307 | D:3      | Noticed Ijyb
  2329 | D:3      | Killed Ijyb
  2330 | D:3      | Reached skill level 5 in Ice Magic
  2409 | D:3      | Learned a level 3 spell: Ozocubu's Armour
  2435 | D:3      | Noticed Grinder
  2531 | D:2      | Paralysed by Grinder for 5 turns
  2540 | D:2      | Paralysed by Grinder for 4 turns
  2548 | D:2      | Paralysed by Grinder for 5 turns
  3124 | D:3      | Found a runed translucent door.
  3125 | D:3      | Noticed Crazy Yiuf
  3370 | D:4      | Noticed Pargi
  3392 | D:4      | Killed Pargi
  3393 | D:4      | Reached skill level 1 in Summonings
  3393 | D:4      | Reached XP level 5. HP: 19/38 MP: 0/10
  3482 | D:4      | Found a bloodstained altar of Trog.
  3620 | D:4      | Found a glowing drain.
  3637 | D:4      | Reached XP level 6. HP: 43/45 MP: 7/12
  3646 | Sewer    | Entered a sewer
  4390 | Sewer    | Reached skill level 6 in Ice Magic
  4391 | Sewer    | Your scales start taking on a lurid green colour.
  4391 | Sewer    | Reached XP level 7. HP: 43/50 MP: 4/14
  4391 | Sewer    | Gained mutation: Your system is resistant to poisons.
                  | (rPois) [Green Draconian growth]
  4483 | Sewer    | Learned a level 4 spell: Summon Ice Beast
  4511 | D:4      | Found Xeheamm Gypp's Magic Scroll Shoppe.
  4575 | D:4      | Found an ornate altar of the Wu Jian Council.
  4575 | D:4      | Found an iron altar of Okawaru.
  4993 | D:5      | Entered Level 5 of the Dungeon
  5027 | D:5      | Reached skill level 5 in Spellcasting
  5158 | D:5      | Found a staircase to the Ecumenical Temple.
  5715 | Temple   | Entered the Ecumenical Temple
  5720 | Temple   | Became a worshipper of Sif Muna the Loreminder
  6089 | D:6      | Reached skill level 7 in Ice Magic
  6089 | D:6      | Reached XP level 8. HP: 58/58 MP: 6/16
  6414 | D:6      | Found a sparkling altar of Nemelex Xobeh.
  6456 | D:6      | Found a broken altar of Ashenzari.
  6483 | D:6      | Learned a level 1 spell: Shock
  6487 | D:6      | Learned a level 3 spell: Swiftness
  6584 | D:6      | Noticed a nameless horror
  7168 | D:6      | Reached skill level 1 in Fighting
  7229 | D:6      | Reached * piety under Sif Muna
  7486 | D:7      | Noticed Prince Ribbit
  7509 | D:7      | Killed Prince Ribbit
  7510 | D:7      | Reached skill level 8 in Ice Magic
  7849 | D:7      | Reached XP level 9. HP: 60/64 MP: 13/19
  8025 | D:7      | Found a radiant altar of Vehumet.
  8362 | D:7      | Reached skill level 9 in Ice Magic
  8445 | D:7      | Found Emiurghynt's Book Emporium.
  9062 | D:8      | You fall into a shaft and drop 3 floors!
  9238 | D:10     | Entered Level 10 of the Dungeon
  9250 | D:10     | Found a runed translucent gate.
  9250 | D:10     | Found a runed translucent gate.
  9250 | D:10     | Found a runed translucent gate.
  9267 | D:10     | Noticed a two-headed ogre
  9352 | D:11     | Noticed a boulder beetle
  9377 | D:11     | Slain by a boulder beetle

Illustrated notes

Levels and vault maps discovered:
D:1:      zaba_arrival_water, layout_basic, ebering_ecumenical_altar_rust,
          minmay_misc_feat_secret_circle
D:2:      layout_loops_ring, basic_altar
D:3:      layout_rooms, minmay_misc_feat_rugged, hangedman_feature_mirror,
          grunt_ministairs_14, uniq_ijyb, uniq_crazy_yiuf_cottage, uniq_grinder
D:4:      layout_loops_ring, nicolae_overflow_hidden_temple,
          gup_sewer_entry_glass, serial_shops, nicolae_shop_hallway_plus,
          uniq_pargi
D:5:      layout_basic, minmay_temple_entry_statues_fountains
D:6:      kennysheep_kobold_camp, layout_cave_pools, nicolae_ashenzari_skybound,
          nemelex_spade_bored_becter
D:7:      layout_basic, mainiacjoe_overflow_surrounded_room, serial_shops,
          shop_statue, uniq_prince_ribbit1
D:8:      layout_gridville, chequers_big_river
D:10:     gammafunk_sealed_arena, layout_loops_corners,
          gammafunk_temple_overflow_claw, hellmonk_lair_entry_icy,
          ebering_ghost_rock_garden
D:11:     layout_roguey, david_orc_2, serial_shops, shop_statue
D:12:     layout_loops_corners, nicolae_ru_path_of_blood, uniq_azrael,
          uniq_jorgrun
Temple:   minmay_freezing_vapour_temple

Skill      XL: |  1  2  3  4  5  6  7  8  9 |
---------------+----------------------------+-----
Dodging        | 2 |  2.9
Spellcasting   | 3 4 5 7 |  7.7
Ice Magic      | 5 6 7 8 9 |  9.4
Summonings     | 1 2 3 |  3.4
Stealth        | 2 |  2.4
Fighting       | 1 |  1.1
Maces & Flails | |  0.8
Unarmed Combat | |  0.3
Conjurations   | |  0.1

Action                     |  1- 3 |  4- 6 |  7- 9 || total
---------------------------+-------+-------+-------++-------
  Melee: Unarmed           |    19 |       |       ||    19
         Whip              |    11 |    24 |    83 ||   118
         Tailslap          |     1 |     1 |    14 ||    16
   Cast: Freeze            |    58 |    81 |    95 ||   234
         Frozen Ramparts   |       |    12 |    26 ||    38
         Ozocubu's Armour  |       |     4 |     8 ||    12
         Shock             |       |       |     4 ||     4
         Summon Ice Beast  |       |       |     3 ||     3
Ability: Breathe Noxious F |       |       |     1 ||     1
    Use: Scroll            |       |     4 |    14 ||    18
         Potion            |       |     1 |       ||     1
 Armour: Skin              |    22 |    74 |    80 ||   176
  Dodge: Dodged            |    45 |    93 |   140 ||   278

Table legend: (Time is in decaauts)
 A = Elapsed time spent in this place.
 B = Non-inter-level travel time spent in this place.
 C = Inter-level travel time spent in this place.
 D = Time resting spent in this place.
 E = Time spent auto-exploring this place.
 F = Levels seen in this place.
 G = Mean time per level.
                   A        B        C        D        E       F      G
               +--------+--------+--------+--------+--------+-----+--------+
         Total |   9482 |   9205 |    277 |    155 |   7382 |  13 |  729.4 |
       Dungeon |   8552 |   8283 |    269 |     98 |   6739 |  11 |  777.5 |
        Temple |     10 |      2 |      8 |      0 |      0 |   1 |   10.0 |
         Sewer |    918 |    918 |      0 |     57 |    643 |   1 |  918.0 |
               +--------+--------+--------+--------+--------+-----+--------+

Top non-repeatable levels by time:
     D:7: 1415 daAuts
     D:6: 1324 daAuts
     D:2: 1149 daAuts
     D:3: 1149 daAuts
     D:5: 1149 daAuts
     D:1: 1040 daAuts
   Sewer: 918 daAuts
     D:4: 826 daAuts
    D:11: 210 daAuts
     D:8: 181 daAuts
    D:10: 91 daAuts
    D:12: 13 daAuts
  Temple: 10 daAuts
